 Dungeon Crawl Stone Soup version 0.31-a0-5-g84e6b3452c (webtiles) character file.

Game seed: 18149115148258491028

185 Essalna the Firebug (level 5, -15/31 HPs)
             Began as a Tengu Fire Elementalist on May 5, 2023.
             Killed from afar by Ijyb (17 damage)
             ... with a bolt of light
             ... on level 3 of the Dungeon.
             The game lasted 00:04:00 (3063 turns).

Essalna the Firebug (Tengu Fire Elementalist)       Turns: 3063, Time: 00:04:01

Health: -15/31     AC:  2    Str:  8    XL:     5   Next: 64%
Magic:  2/9        EV: 14    Int: 23    God:
Gold:   101        SH:  0    Dex: 15    Spells: 5/8 levels left

rFire   . . .        (no weapon)
rCold   . . .        (no shield)
rNeg    . . .        a - +0 robe
rPois   .            (helmet restricted)
rElec   .            (no cloak)
rCorr   .            (no gloves)
SInv    .            (boots unavailable)
Will    .....        (no amulet)
Stlth   +            m - +6 ring of intelligence
HPRegen 0.25/turn    (no ring)
MPRegen 0.11/turn

%: no passive effects
@: confused, flying quickly and evasively, quick
A: beak, talons 3, nimble flight
a: no special abilities


You were on level 3 of the Dungeon.
You visited 1 branch of the dungeon, and saw 4 of its levels.

You collected 101 gold pieces.

Inventory:

Armour
 a - a +0 robe (worn)
Jewellery
 m - a +6 ring of intelligence (left hand)
Scrolls
 c - 2 scrolls of silence {unknown}
 f - a scroll of enchant armour {unknown}
 h - a scroll of vulnerability {unknown}
 i - 2 scrolls of fear {unknown}
 j - 2 scrolls of poison {unknown}
 l - 3 scrolls of identify {unknown}
 o - 2 scrolls of teleportation {unknown}
 p - a scroll of enchant weapon {unknown}
 r - 2 scrolls of magic mapping {unknown}
 s - a scroll of brand weapon {unknown}
 t - a scroll of immolation {unknown}
Potions
 b - a potion of magic
 d - 2 potions of heal wounds {unknown}
 e - a potion of invisibility {unknown}
 g - 2 potions of brilliance {unknown}
 k - 2 potions of mutation {unknown}
 n - a potion of curing {unknown}
 q - 2 potions of cancellation {unknown}


   Skills:
 + Level 2.7 Fighting
 - Level 2.1 Dodging
 - Level 2.0 Stealth
 - Level 2.0 Spellcasting
 + Level 4.1 Conjurations
 + Level 4.7 Fire Magic


You had 5 spell levels left.
You knew the following spells:

 Your Spells              Type           Power      Damage    Failure   Level
a - Foxfire               Conj/Fire      88%        2x1d8     1%          1
b - Scorch                Fire           48%        2d7       2%          2

Your spell library contained the following spells:

 Spells                   Type           Power      Damage    Failure   Level
 Inner Flame              Hex/Fire       13%        N/A       14%         3
 Volatile Blastmotes      Fire/Tloc      26%        2d12      14%         3
 Flame Wave               Conj/Fire      22%        2d8       21%         4


Dungeon Overview and Level Annotations

Branches:
Dungeon (4/15)
 Temple: D:4-7

Altars:
Cheibriados

Annotations:
D:3 Ijyb, Terence


Innate Abilities, Weirdness & Mutations

You have a beak for a mouth.
You have claws for feet.
Your magical nature lets you fly swiftly and evasively.


Message History

Ouch! That really hurt!
You are too injured to fight recklessly!
You are too injured to fight recklessly!
You are too injured to fight recklessly!
Casting: Foxfire (safe; 1% risk of failure)
Confirm with . or Enter, or press ? or * to list all spells.
You conjure some foxfire!
The foxfire hits Ijyb.
Ijyb is moderately wounded.
The foxfire hits Ijyb but does no damage.
Ijyb is moderately wounded.
The foxfire hits Ijyb but does no damage.
Ijyb is moderately wounded.
Casting: Foxfire (safe; 1% risk of failure)
Confirm with . or Enter, or press ? or * to list all spells.
You conjure some foxfire!
The foxfire hits Ijyb.
Ijyb is moderately wounded.
The foxfire hits Ijyb but does no damage.
Ijyb is moderately wounded.
Ijyb zaps a wand.
The bolt of light hits you!
* * * LOW HITPOINT WARNING * * *
The bolt of light hits your foxfire!!
Your foxfire is blinded.
Casting: Foxfire (safe; 1% risk of failure)
Confirm with . or Enter, or press ? or * to list all spells.
You conjure some foxfire!
Casting: Foxfire (safe; 1% risk of failure)
Confirm with . or Enter, or press ? or * to list all spells.
Flames lash Ijyb.
Ijyb is heavily wounded.
Ijyb's fire resistance burns away.
The foxfire hits Ijyb.
Ijyb is burned terribly!
Ijyb is severely wounded.
The foxfire hits Ijyb but does no damage.
Ijyb is severely wounded.
The foxfire hits Ijyb but does no damage.
Ijyb is severely wounded.
Ijyb zaps a wand.
The bolt of light hits you!
You are confused.
Ouch! That really hurt!
You die...

#...###...#......... ).#
#.#.#.†##....#
....#.#......# ....#
#.........#..# ##.# #
...##.##....)#####'###..
##.# .#.###...........#
.. ... #.#.....>..#
.#...# #...§v.....# #.
.....##§@...<.#
...#.###§§....†# .....
#.?.....# #.## #.g.....#
... #...../.# .#
........# #.......#
#.......#


You could see Ijyb (combustible).

Vanquished Creatures
  Natasha (twice) (D:3)
  6 adders
  A worm (D:2)
  2 dart slugs
  An orc (D:3)
  5 ball pythons
  6 bats
  7 endoplasms
  2 giant cockroaches
  6 goblins
  6 hobgoblins
  2 jackals (D:3)
  2 quokkas
  5 frilled lizards
  14 kobolds
  11 rats
78 creatures vanquished.

Vanquished Creatures (others)
  235 foxfires
235 creatures vanquished.

Grand Total: 313 creatures vanquished

Notes
Turn   | Place    | Note
-------+----------+-------------------------------------------
     0 | D:1      | Essalna the Tengu Fire Elementalist began the quest for the
                  | Orb.
     0 | D:1      | Reached XP level 1. HP: 10/10 MP: 4/4
   136 | D:1      | Reached XP level 2. HP: 11/16 MP: 1/6
   386 | D:1      | Reached skill level 1 in Fighting
   611 | D:1      | Reached XP level 3. HP: 20/20 MP: 1/7
   991 | D:2      | Learned a level 2 spell: Scorch
  1397 | D:2      | Found a snail-covered altar of Cheibriados.
  1464 | D:2      | Reached XP level 4. HP: 26/26 MP: 3/8
  2543 | D:3      | Noticed Terence
  2653 | D:3      | Gained mutation: Your magical nature lets you fly swiftly
                  | and evasively. [Tengu growth]
  2653 | D:3      | Reached XP level 5. HP: 25/30 MP: 2/9
  2661 | D:3      | Noticed Natasha
  2683 | D:3      | Killed Natasha
  2768 | D:3      | Noticed Natasha
  2773 | D:3      | Killed Natasha
  3057 | D:3      | Noticed Ijyb
  3063 | D:3      | Killed from afar by Ijyb

Illustrated notes

Levels and vault maps discovered:
D:1:      mainiacjoe_arrival_reflecting_pool, layout_rooms, minmay_cut_off
D:2:      layout_loops_ring, basic_altar
D:3:      layout_basic, minmay_fractal_squares_5, uniq_terence, uniq_ijyb,
          uniq_natasha
D:4:      layout_loops_ring, lemuel_coloured_pillars_altar, temple_green

Skill      XL: |  1  2  3  4  5 |
---------------+----------------+-----
Conjurations   | 2 3 4 |  4.1
Fighting       | 1 2 |  2.7
Fire Magic     | 4 |  4.7
Dodging        | |  2.1
Stealth        | |  2.0
Spellcasting   | |  2.0

Action                     |  1- 3 |  4- 6 || total
---------------------------+-------+-------++-------
  Melee: Unarmed           |    30 |    31 ||    61
         Kick              |    12 |     9 ||    21
         Peck              |     5 |     7 ||    12
         Punch             |       |     1 ||     1
   Cast: Foxfire           |    62 |    82 ||   144
         Scorch            |       |     1 ||     1
 Armour: Robe              |     6 |    10 ||    16
  Dodge: Dodged            |    25 |    24 ||    49

Table legend: (Time is in decaauts)
 A = Elapsed time spent in this place.
 B = Non-inter-level travel time spent in this place.
 C = Inter-level travel time spent in this place.
 D = Time resting spent in this place.
 E = Time spent auto-exploring this place.
 F = Levels seen in this place.
 G = Mean time per level.
                   A        B        C        D        E       F      G
               +--------+--------+--------+--------+--------+-----+--------+
         Total |   3053 |   2996 |     57 |      0 |   2546 |   4 |  763.2 |
       Dungeon |   3053 |   2996 |     57 |      0 |   2546 |   4 |  763.2 |
               +--------+--------+--------+--------+--------+-----+--------+

Top non-repeatable levels by time:
     D:2: 1424 daAuts
     D:1: 986 daAuts
     D:3: 599 daAuts
     D:4: 43 daAuts
